General information
- name: BNet
- type: Ladder team game (AT/RT)
- host: Battle.net
- saver: TALONSAREIMBA
map: Friends
- players: 8
- length: 17:46
- speed: Fast
- version: 1.24 W3XP
- replay type: Public
» download(213 KB)
Players
team 1 (winner)
dd. (
orange | 151 APM | 2684 actions | 17:46)
5 Blademaster
3 Wind Walk
2 Critical Strike
4 Shadow Hunter
1 Serpent Ward
1 Healing Wave
2 Hex
» actions
| Assign group hotkey | 138 | |
| Basic commands | 12 | |
| Build / train | 67 | |
| ESC pressed | 1 | |
| Enter build submenu | 15 | |
| Enter hero's abilities submenu | 9 | |
| Give item / drop item | 2 | |
| Right click | 1142 | |
| Select / deselect | 313 | |
| Select group hotkey | 858 | |
| Use ability | 127 | |
2684 total
» units
| Peon | 8 | |
| Grunt | 6 | |
| Wind Rider | 8 | |
| Troll Batrider | 14 | |
36 total
» upgrades
» buildings
| Altar of Storms | 1 | |
| Orc Burrow | 7 | |
| Barracks | 1 | |
| Voodoo Lounge | 1 | |
| Stronghold | 1 | |
| War Mill | 1 | |
| Beastiary | 2 | |
| Fortress | 2 | |
16 total
» build order
00:07 Altar of Storms
00:21 Orc Burrow
00:35 Barracks
01:29 Orc Burrow
02:02 Voodoo Lounge
02:53 Stronghold
03:38 Orc Burrow
04:08 War Mill
05:47 Beastiary
05:49 Beastiary
06:04 Orc Burrow
08:13 Orc Burrow
10:48 Orc Burrow
11:01 Orc Burrow
12:47 Fortress
12:47 Fortress
» items
| Healing Salve | 2 | |
| Lesser Clarity Potion | 1 | |
| Scroll of Speed | 1 | |
4 total
OG- (
green | 140 APM | 2492 actions | 17:46)
5 Death Knight
3 Death Coil
2 Unholy Aura
3 Lich
2 Frost Nova
1 Frost Armor
2 Pit Lord
1 Rain of Fire
1 Howl of Terror
» actions
| Assign group hotkey | 32 | |
| Build / train | 60 | |
| ESC pressed | 2 | |
| Enter build submenu | 21 | |
| Enter hero's abilities submenu | 10 | |
| Give item / drop item | 1 | |
| Right click | 1522 | |
| Select / deselect | 331 | |
| Select group hotkey | 418 | |
| Use ability | 95 | |
2492 total
» units
| Acolyte | 9 | |
| Ghoul | 3 | |
| Crypt Fiend | 10 | |
| Goblin Zeppelin | 1 | |
23 total
» upgrades
| Web | 1 | |
| Creature Attack | 2 | |
| Burrow | 1 | |
| Creature Carapace | 1 | |
5 total
» buildings
| Graveyard | 2 | |
| Crypt | 2 | |
| Altar of Darkness | 2 | |
| Ziggurat | 8 | |
| Tomb of Relics | 1 | |
| Halls of the Dead | 2 | |
| Spirit Tower | 4 | |
| Black Citadel | 4 | |
| Sacrificial Pit | 1 | |
| Boneyard | 3 | |
29 total
» build order
00:27 Graveyard
00:32 Crypt
01:05 Altar of Darkness
01:07 Altar of Darkness
01:14 Ziggurat
01:27 Tomb of Relics
02:31 Ziggurat
03:14 Ziggurat
05:19 Ziggurat
05:47 Halls of the Dead
06:34 Spirit Tower
06:35 Spirit Tower
06:35 Spirit Tower
07:42 Ziggurat
08:16 Black Citadel
09:43 Ziggurat
09:46 Sacrificial Pit
09:55 Black Citadel
09:55 Black Citadel
12:08 Graveyard
13:03 Crypt
13:26 Ziggurat
13:27 Ziggurat
15:57 Boneyard
15:58 Boneyard
15:59 Boneyard
» items
| Rod of Necromancy | 1 | |
| Orb of Corruption | 1 | |
2 total
POKERSTARS.COM (
red | 134 APM | 2384 actions | 17:46)
4 Archmage
2 Summon Water Elemental
2 Brilliance Aura
4 Blood Mage
2 Flame Strike
2 Siphon Mana
2 Paladin
1 Holy Light
1 Devotion Aura
» actions
| Assign group hotkey | 140 | |
| Basic commands | 233 | |
| Build / train | 90 | |
| Enter build submenu | 18 | |
| Enter hero's abilities submenu | 10 | |
| Right click | 686 | |
| Select / deselect | 271 | |
| Select group hotkey | 854 | |
| Use ability | 82 | |
2384 total
» units
| Peasant | 11 | |
| Footman | 5 | |
| Mortar Team | 4 | |
| Flying Machine | 31 | |
| Forest Troll Shadow Priest | 1 | |
52 total
» upgrades
| Defend | 1 | |
| Lumber Harvesting | 1 | |
| Fragmentation Shards | 1 | |
| Flak Cannons | 1 | |
| Gunpowder | 2 | |
| Flying Machine Bombs | 1 | |
7 total
» buildings
| Altar of Kings | 1 | |
| Barracks | 1 | |
| Farm | 8 | |
| Scout Tower | 1 | |
| Arcane Tower | 2 | |
| Keep | 2 | |
| Lumber Mill | 1 | |
| Arcane Vault | 1 | |
| Blacksmith | 1 | |
| Castle | 2 | |
| Workshop | 3 | |
| Town Hall | 1 | |
24 total
» build order
00:09 Altar of Kings
00:24 Barracks
00:38 Farm
01:07 Farm
01:47 Farm
01:54 Scout Tower
02:41 Arcane Tower
02:41 Arcane Tower
03:25 Keep
03:33 Lumber Mill
03:45 Farm
04:43 Arcane Vault
05:31 Farm
06:12 Blacksmith
06:40 Castle
06:41 Castle
07:08 Workshop
07:08 Workshop
07:37 Workshop
07:58 Farm
08:23 Farm
08:55 Farm
10:30 Town Hall
» items
| Lesser Clarity Potion | 1 | |
| Scroll of Regeneration | 2 | |
| Scroll of Town Portal | 1 | |
4 total
stevenash (
pink | 72 APM | 1280 actions | 17:46)
4 Mountain King
2 Storm Bolt
2 Bash
2 Blood Mage
1 Banish
1 Siphon Mana
» actions
| Assign group hotkey | 39 | |
| Basic commands | 102 | |
| Build / train | 62 | |
| Enter build submenu | 30 | |
| Enter hero's abilities submenu | 7 | |
| Right click | 581 | |
| Select / deselect | 275 | |
| Select group hotkey | 120 | |
| Use ability | 64 | |
1280 total
» units
| Peasant | 12 | |
| Footman | 10 | |
| Goblin Zeppelin | 2 | |
| Gryphon Rider | 7 | |
| Goblin Shredder | 1 | |
32 total
» upgrades
| Swords | 1 | |
| Storm Hammers | 1 | |
| Masonry | 1 | |
3 total
» buildings
| Altar of Kings | 1 | |
| Farm | 10 | |
| Lumber Mill | 1 | |
| Barracks | 1 | |
| Scout Tower | 10 | |
| Guard Tower | 12 | |
| Keep | 2 | |
| Castle | 2 | |
| Blacksmith | 1 | |
| Gryphon Aviary | 2 | |
| Arcane Vault | 1 | |
| Town Hall | 2 | |
45 total
» build order
00:08 Altar of Kings
00:20 Farm
00:24 Lumber Mill
00:36 Farm
00:51 Barracks
01:09 Farm
01:50 Farm
02:00 Scout Tower
02:36 Scout Tower
02:37 Guard Tower
02:38 Guard Tower
02:59 Scout Tower
03:22 Guard Tower
03:22 Guard Tower
03:28 Guard Tower
03:28 Guard Tower
03:45 Keep
03:45 Keep
05:01 Scout Tower
05:04 Scout Tower
06:14 Guard Tower
06:14 Guard Tower
06:55 Farm
06:57 Farm
07:30 Castle
07:30 Castle
07:43 Farm
07:44 Scout Tower
07:45 Scout Tower
07:46 Scout Tower
08:14 Blacksmith
08:27 Gryphon Aviary
08:29 Gryphon Aviary
08:32 Guard Tower
08:34 Farm
08:36 Scout Tower
08:37 Scout Tower
08:39 Farm
08:40 Farm
08:58 Guard Tower
09:01 Arcane Vault
10:20 Guard Tower
14:28 Town Hall
16:01 Town Hall
» items
team 2 (loser)

»
biers (
yellow | 58 APM | 1025 actions | 17:46)
3 Archmage
2 Summon Water Elemental
1 Brilliance Aura
3 Paladin
2 Holy Light
1 Divine Shield
1 Mountain King
1 Storm Bolt
» actions
| Assign group hotkey | 58 | |
| Basic commands | 20 | |
| Build / train | 58 | |
| Enter build submenu | 23 | |
| Enter hero's abilities submenu | 7 | |
| Right click | 374 | |
| Select / deselect | 265 | |
| Select group hotkey | 150 | |
| Use ability | 70 | |
1025 total
» units
| Peasant | 10 | |
| Footman | 4 | |
| Rifleman | 3 | |
| Priest | 4 | |
| Mortar Team | 4 | |
| Spell Breaker | 1 | |
| Flying Machine | 4 | |
| Siege Engine | 1 | |
31 total
» upgrades
| Masonry | 2 | |
| Priest Training | 2 | |
| Flare | 1 | |
| Flying Machine Bombs | 1 | |
| Lumber Harvesting | 2 | |
| Flak Cannons | 1 | |
| Barrage | 1 | |
| Gunpowder | 1 | |
11 total
» buildings
| Farm | 10 | |
| Altar of Kings | 1 | |
| Barracks | 2 | |
| Scout Tower | 2 | |
| Lumber Mill | 1 | |
| Arcane Vault | 1 | |
| Arcane Tower | 1 | |
| Keep | 1 | |
| Blacksmith | 1 | |
| Guard Tower | 1 | |
| Workshop | 2 | |
| Arcane Sanctum | 1 | |
| Castle | 1 | |
| Gryphon Aviary | 1 | |
| Town Hall | 1 | |
27 total
» build order
00:34 Farm
00:40 Altar of Kings
01:15 Barracks
01:52 Scout Tower
01:58 Lumber Mill
02:06 Farm
02:26 Arcane Vault
02:38 Scout Tower
03:01 Farm
03:16 Arcane Tower
03:47 Farm
03:59 Keep
04:43 Blacksmith
05:01 Guard Tower
06:31 Workshop
06:34 Arcane Sanctum
07:22 Farm
07:43 Farm
08:13 Farm
08:26 Castle
09:37 Farm
10:54 Workshop
11:05 Farm
11:47 Farm
13:14 Gryphon Aviary
13:51 Town Hall
15:55 Barracks
» items
| Scroll of Regeneration | 1 | |
| Lesser Clarity Potion | 1 | |
2 total

»
Piss (
teal | 143 APM | 2303 actions | 16:04)
2 Priestess of the Moon
1 Scout
1 Trueshot Aura
» actions
| Assign group hotkey | 17 | |
| Basic commands | 26 | |
| Build / train | 57 | |
| Enter build submenu | 11 | |
| Enter hero's abilities submenu | 2 | |
| Remove unit from queue | 1 | |
| Right click | 1045 | |
| Select / deselect | 164 | |
| Select group hotkey | 931 | |
| Use ability | 49 | |
2303 total
» units
» upgrades
» buildings
| Altar of Elders | 1 | |
| Moon Well | 5 | |
| Ancient of War | 3 | |
| Hunter's Hall | 1 | |
| Tree of Ages | 1 | |
11 total
» build order
00:08 Altar of Elders
00:11 Moon Well
01:20 Moon Well
02:10 Ancient of War
02:12 Ancient of War
02:13 Hunter's Hall
02:16 Ancient of War
02:32 Moon Well
05:15 Moon Well
05:37 Tree of Ages
11:34 Moon Well
» items

»
sandcastle (
blue | 57 APM | 1014 actions | 17:46)
1 Dreadlord
1 Vampiric Aura
» actions
| Assign group hotkey | 265 | |
| Basic commands | 1 | |
| Build / train | 38 | |
| ESC pressed | 2 | |
| Enter build submenu | 16 | |
| Enter hero's abilities submenu | 1 | |
| Right click | 354 | |
| Select / deselect | 152 | |
| Select group hotkey | 163 | |
| Use ability | 22 | |
1014 total
» units
» buildings
| Ziggurat | 5 | |
| Crypt | 2 | |
| Altar of Darkness | 1 | |
| Graveyard | 1 | |
| Nerubian Tower | 3 | |
| Halls of the Dead | 2 | |
| Tomb of Relics | 2 | |
| Spirit Tower | 1 | |
| Temple of the Damned | 2 | |
19 total
» build order
00:30 Ziggurat
00:32 Ziggurat
00:34 Ziggurat
00:41 Crypt
01:24 Altar of Darkness
01:27 Graveyard
01:45 Nerubian Tower
01:45 Nerubian Tower
03:11 Halls of the Dead
03:11 Halls of the Dead
03:18 Ziggurat
03:46 Crypt
04:15 Tomb of Relics
04:25 Nerubian Tower
04:43 Spirit Tower
09:37 Tomb of Relics
10:53 Ziggurat
10:57 Temple of the Damned
11:00 Temple of the Damned
» items

»
TALONSAREIMBA (
purple | 133 APM | 2371 actions | 17:46)
4 Far Seer
2 Feral Spirit
2 Chain Lighting
3 Shadow Hunter
2 Hex
1 Healing Wave
» actions
| Assign group hotkey | 29 | |
| Basic commands | 105 | |
| Build / train | 62 | |
| ESC pressed | 3 | |
| Enter build submenu | 12 | |
| Enter hero's abilities submenu | 7 | |
| Give item / drop item | 2 | |
| Right click | 1167 | |
| Select / deselect | 512 | |
| Select group hotkey | 394 | |
| Use ability | 77 | |
2371 total
» units
| Peon | 17 | |
| Grunt | 4 | |
| Wind Rider | 10 | |
| Goblin Zeppelin | 1 | |
| Troll Batrider | 2 | |
34 total
» upgrades
| Ranged Weapons | 3 | |
| Armor | 2 | |
| Envenomed Spears | 1 | |
6 total
» buildings
| Altar of Storms | 1 | |
| Orc Burrow | 6 | |
| Barracks | 1 | |
| Voodoo Lounge | 1 | |
| Stronghold | 1 | |
| War Mill | 1 | |
| Beastiary | 2 | |
| Fortress | 1 | |
14 total
» build order
00:08 Altar of Storms
00:10 Orc Burrow
00:28 Barracks
01:46 Orc Burrow
01:59 Voodoo Lounge
04:10 Stronghold
04:27 War Mill
05:03 Orc Burrow
06:37 Beastiary
06:39 Beastiary
07:48 Fortress
08:04 Orc Burrow
10:46 Orc Burrow
10:54 Orc Burrow
» items
| Healing Salve | 3 | |
| Lesser Clarity Potion | 3 | |
| Tiny Great Hall | 1 | |
| Potion of Healing | 3 | |
| Potion of Mana | 1 | |
11 total
Chat log
(00:04 / All) TALONSAREIMBA: dont do gay shit thanks
(00:09 / Allies) sandcastle: biers afk
(00:14 / All) stevenash: sux
(00:15 / All) TALONSAREIMBA: ur prolly gonan lose
(00:21 / Allies) sandcastle: im massing gargs
(00:24 / Allies) Piss: im gonna mass hunts
(00:24 / Allies) biers: sry went for pis just there
(00:24 / Allies) Piss: ofc
(00:25 / Allies) sandcastle: and necros
(00:28 / All) stevenash: aka flame_yz
(00:34 / All) TALONSAREIMBA: hacker?
(00:38 / All) dd.: stacker
(00:39 / All) stevenash: sup
(00:40 / All) stevenash: purple top
(00:41 / All) stevenash: teal top
(00:44 / Allies) TALONSAREIMBA: lol
(01:04 / Allies) biers: figures we search for 15 min and the time i chose to piss we find
(01:05 / Allies) TALONSAREIMBA: maybe
(01:08 / All) sandcastle: what the point of using maphack in war3
(01:13 / All) sandcastle: everyone knows youre a loser
(01:23 / All) stevenash: yo
(01:24 / All) stevenash: nigga
(01:25 / All) stevenash: dont hate
(01:27 / All) stevenash: appreciat
(01:30 / All) TALONSAREIMBA: fight me in real life
(01:31 / All) dd.: dont appreciate
(01:33 / All) stevenash: mvp here taking
(01:34 / All) dd.: masterbait
(01:36 / All) stevenash: talking
(01:50 / All) TALONSAREIMBA: Im harassing u with fs
(02:00 / Allies) sandcastle: is there a point of playing hackers?
(02:03 / Allies) TALONSAREIMBA: no
(02:05 / Allies) sandcastle: or is only one hacking>
(02:16 / Allies) TALONSAREIMBA: doesnt matter if only 1 hacks
(02:23 / Allies) sandcastle: sort of
(02:28 / Allies) TALONSAREIMBA: constant pinging
(02:29 / Allies) TALONSAREIMBA: of armies
(02:30 / Allies) TALONSAREIMBA: and intel
(02:35 / Allies) sandcastle: yeah but
(02:35 / Allies) TALONSAREIMBA: they might as well all hack
(02:40 / Allies) sandcastle: i know
(02:44 / Allies) sandcastle: thats not what im arguing
(02:47 / All) TALONSAREIMBA: ur 2nd zig
(02:49 / All) TALONSAREIMBA: cancel it
(02:51 / Allies) sandcastle: just saying its not as bad as if
(02:59 / All) TALONSAREIMBA: u suck
(03:01 / Allies) sandcastle: they all did for our chances of winning
(03:06 / All) OG-: i was afk
(03:07 / All) OG-: rofl
(03:10 / All) stevenash: thats nosnitchin
(03:20 / All) dd.: yeah he sucks
(03:21 / All) OG-: ill try extra hard for u
(03:26 / All) OG-: geek
(03:29 / All) TALONSAREIMBA: oh boy
(03:31 / All) TALONSAREIMBA: 3's nerds
(03:36 / All) OG-: oh bo
(03:36 / All) TALONSAREIMBA: -.-;
(03:37 / All) OG-: y
(03:38 / All) OG-: 4s trash
(03:46 / All) TALONSAREIMBA: hows ud/ne/ne massing
(03:53 / All) OG-: its not like u were ever any good at this game
(03:56 / All) OG-: stop talking greesy dork
(03:58 / All) TALONSAREIMBA: uh oh -.-;
(04:02 / Allies) Piss: take creeps or not even worth trying
(04:32 / Allies) TALONSAREIMBA: dude
(04:34 / Allies) TALONSAREIMBA: fiends hunts top
(04:36 / Allies) TALONSAREIMBA: is gonna be brutal
(04:53 / Allies) TALONSAREIMBA: lol
(04:54 / Allies) TALONSAREIMBA: hacks
(05:16 / All) TALONSAREIMBA: if u lose
(05:17 / All) TALONSAREIMBA: will u cry
(05:18 / Allies) biers: kol
(05:21 / All) stevenash: ya
(05:21 / All) TALONSAREIMBA: in ur chat channels
(05:24 / All) OG-: yes
(05:26 / All) dd.: dream team
(05:34 / All) stevenash: lol
(05:43 / All) TALONSAREIMBA: grunts ded
(05:48 / All) TALONSAREIMBA: he tps
(05:58 / All) Piss: tp before your units die plz
(06:03 / All) stevenash: ok
(06:17 / Allies) Piss: who should i feed
(06:29 / Allies) sandcastle: me?
(06:39 / Allies) biers: towers hit
(07:22 / All) stevenash: ROFL
(07:34 / Allies) biers: b?
(07:35 / All) stevenash: can you guys leave
(07:36 / All) TALONSAREIMBA: they...tooo...goood..
(08:01 / All) TALONSAREIMBA: my god how can mere mrotals be this good
(08:44 / Allies) TALONSAREIMBA: lets take
(08:44 / Allies) TALONSAREIMBA: the red
(08:50 / Allies) Piss: no
(08:53 / Allies) Piss: they have maphack
(09:01 / Allies) sandcastle: im sure they have expoes
(09:02 / All) TALONSAREIMBA: where am i right now
(09:03 / Allies) sandcastle: lol
(09:07 / All) dd.: top left
(09:07 / All) stevenash: going to your base
(09:11 / All) TALONSAREIMBA: Now?
(09:18 / Allies) Piss: dont trust what they say obv
(10:05 / Allies) Piss: ill grab the book of gg
(10:49 / Allies) Piss: more burrows plox
(11:13 / Allies) Piss: we need to expand
(12:00 / Allies) sandcastle: k someone control me
(12:02 / Allies) sandcastle: im going to eat
(12:03 / Allies) sandcastle: lol
(12:07 / Allies) TALONSAREIMBA: uhh
(12:20 / Allies) sandcastle: ill be back in 5
(12:21 / Allies) Piss: build 2 acolytes
(12:28 / Allies) sandcastle: right,....
(12:30 / Allies) sandcastle: brb
(13:14 / Allies) Piss: griff massing
(13:36 / All) dd.: nice army blue
(13:52 / Allies) TALONSAREIMBA: back iraq
(13:53 / Allies) TALONSAREIMBA: lol
(13:58 / Allies) TALONSAREIMBA: need bats ff
(15:17 / All) OG-: dont cry after this rape
(15:22 / Allies) biers: wtfd happend
(15:28 / Allies) Piss: well sand went afk
(15:30 / All) dd.: pink is in his own world..
(15:31 / Allies) TALONSAREIMBA: they hack
(16:07 / All) stevenash: gg
(16:09 / All) stevenash: nawt
(16:19 / All) TALONSAREIMBA: man
(16:22 / All) TALONSAREIMBA: u showed us
(16:25 / All) stevenash: im just too good
(16:25 / All) OG-: leave
(17:41 / Allies) biers: lol
(17:43 / Allies) biers: thats game